 Dungeon Crawl Stone Soup version 0.26.0-10-g1f06aea511 (webtiles) character file.

Game seed: 6105319382502180312

1 Goblin1989 the Sneak (level 1, -1/18 HPs)
             Began as a Demonspawn Delver on Jan 23, 2021.
             Slain by a bullfrog zombie (4 damage)
             ... on level 3 of the Dungeon.
             The game lasted 00:00:55 (85 turns).

Goblin1989 the Sneak (Demonspawn Delver)              Turns: 85, Time: 00:00:56

Health: -1/18      AC:  3    Str: 12    XL:     1   Next: 16%
Magic:  1/1        EV: 12    Int: 11    God:
Gold:   0          SH:  0    Dex: 14    Spells: 0/0 levels left

rFire    . . .     SeeInvis .   a - +0 hand axe
rCold    . . .     Faith    .   (no shield)
rNeg     . . .     Spirit   .   b - +0 leather armour
rPois    .         Reflect  .   (no helmet)
rElec    .         Harm     .   (no cloak)
rCorr    .         Rampage  .   (no gloves)
Will     .....                  (no boots)
Stlth    ++........             (no amulet)
HPRegen  0.06/turn              (no ring)
MPRegen  0.07/turn              (no ring)

@: hasted, very quick
A: no striking features
a: no special abilities


You were on level 3 of the Dungeon.
You visited 1 branch of the dungeon, and saw 3 of its levels.

Inventory:

Hand Weapons
 a - a +0 hand axe (weapon)
Missiles
 N - 14 stones (quivered) {@Q3}
Armour
 b - a +0 leather armour (worn)
Wands
 g - a wand of digging (3) {@v1}
Scrolls
 c - a scroll of fog
 M - a scroll of magic mapping
Potions
 O - 2 potions of attraction {unknown}


   Skills:
 - Level 3.0 Fighting
 + Level 1.9 Axes
 - Level 1.7 Dodging
 - Level 4.5 Stealth


You couldn't memorise any spells.
You didn't know any spells.
Your spell library was empty.

Dungeon Overview and Level Annotations

Branches:
Dungeon (5/15)
 Temple: D:4-7

Altars:

Shops:
D:5 :


Message History

You become a guardian mummy!
Welcome, Goblin1989 the Demonspawn Delver.
Will you prevail where others failed? Will you find the Orb of Zot?
Press ? for a list of commands and other information.
Found an escape hatch in the floor.
Found a stone staircase leading down.
Found 14 stones.
Found a stone staircase leading up.
Unknown command.
Found Wanwowk's Book Shoppe.
Found a stone staircase leading up.
A jelly comes into view.
A gnoll comes into view. It is wielding a +0 flail.
The gnoll shouts!
The gnoll moves out of view.
You see here 14 stones {@Q3}.
N - 14 stones {@Q3} A worker ant comes into view.
A gnoll comes into view. It is wielding a +0 whip.
Found a stone staircase leading up.
There is a stone staircase leading up here.
Unknown command.
You climb upwards.
Found 7 gold pieces and a pair of gloves.
Found a stone staircase leading up.
There is a stone staircase leading down here.
Found a quarterstaff.
A giant cockroach and 3 gnolls come into view.
The gnoll shouts! x2
The gnoll moves out of view.
An adder comes into view.
There is a stone staircase leading up here.
You climb upwards.
A worm comes into view.
Found 10 stones, 42 gold pieces and 27 bolts.
There is a stone staircase leading down here.
A goblin comes into view. It is wielding a +0 dagger.
Found 2 scrolls labelled ACREUW KIOXIAF.
Found a metallic blue potion.
The helpless goblin fails to defend itself.
You hit the goblin.
The goblin is moderately wounded.
The goblin hits you but does no damage.
You hit the goblin but do no damage.
The goblin is moderately wounded.
The goblin hits you with a +0 dagger.
You take 2 damage, and have 16/18 hp.
You closely miss the goblin. The goblin hits you but does no damage.
You closely miss the goblin. The goblin barely misses you.
You hit the goblin.
The goblin is heavily wounded.
The goblin hits you with a +0 dagger. The goblin closely misses you.
You take 2 damage, and have 14/18 hp.
You closely miss the goblin.
The goblin is heavily wounded.
The goblin hits you but does no damage.
You hit the goblin.
You kill the goblin!
You see here a +0 dagger.
A bullfrog zombie comes into view.
Found a scroll labelled WONUXZEEPT.
The bullfrog zombie closely misses you. The bullfrog zombie barely misses you.
You hit the bullfrog zombie.
The bullfrog zombie is lightly damaged.
The bullfrog zombie hits you.
* * * LOW HITPOINT WARNING * * *
You take 6 damage, and have 8/18 hp.
MASSIVE DAMAGE!!
You barely miss the bullfrog zombie.
The bullfrog zombie is lightly damaged.
The bullfrog zombie hits you but does no damage.
The bullfrog zombie hits you.
* * * LOW HITPOINT WARNING * * *
You take 2 damage, and have 6/18 hp.
As you read the scroll of fear, it crumbles to dust.
You assume a fearsome visage.
The bullfrog zombie is unaffected.
The bullfrog zombie barely misses you.
Okay, then.
You feel yourself speed up.
The bullfrog zombie hits you but does no damage.
The bullfrog zombie hits you.
* * * LOW HITPOINT WARNING * * *
You take 4 damage, and have 2/18 hp.
MASSIVE DAMAGE!!
A frilled lizard comes into view.
Found a short sword.
Found 14 gold pieces.
Found 2 bubbling pink potions.
The frilled lizard hisses angrily.
You see here 2 bubbling pink potions.
O - 2 bubbling pink potions You see here 14 gold pieces.
You barely miss the frilled lizard. The frilled lizard barely misses you.
You closely miss the frilled lizard. You barely miss the bullfrog zombie.
The bullfrog zombie hits you.
You die...

██...██ ██.....██
█.......█
█.......█
█.......█
█.....████
██.........
████████....?...██
█@l............?.█
█Z██████......!...
█...$.........████
████████.....██ █
█...███ █ ...... █
██...). █...██.
█...█


You could see a bullfrog zombie and a frilled lizard.

Vanquished Creatures
  A goblin (D:3)
1 creature vanquished.

Notes
Turn   | Place    | Note
-------+----------+-------------------------------------------
     0 | D:5      | Goblin1989 the Demonspawn Delver began the quest for the
                  | Orb.
     0 | D:5      | Reached XP level 1. HP: 18/18 MP: 1/1
     3 | D:5      | Found Wanwowk's Book Shoppe.
     7 | D:5      | Noticed a jelly
     9 | D:5      | Noticed a worker ant
    85 | D:3      | Slain by a bullfrog zombie

Illustrated notes

Levels and vault maps discovered:
D:3:      layout_rooms, nicolae_underground_beach
D:4:      layout_cave_pools, minmay_temple_entry_stoned_glass,
          nicolae_gozag_zags_fifth_avenue, uniq_sigmund, uniq_blork_the_orc
D:5:      layout_gridville, serial_shops, nicolae_shop_trees, kennysheep_mini,
          kennysheep_little_box, shop_fountains, gammafunk_ghost_smash,
          uniq_pikel

Action                   || total
-------------------------++-------
Melee: Hand axe          ||    11
  Use: Scroll            ||     1
       Potion            ||     1
 Stab: Sleeping          ||     1
Armor: Leather armour    ||     4
Dodge: Dodged            ||     6
